Map: Honorgrounds LE

Players

HellraiseR - Winner!

  • Race: Protoss Protoss
  • Spawn Location: 11:00

Railgan

  • Race: Zerg Zerg
  • League: Master
  • Spawn Location: 7:00

VOD

Have the link to the VOD?

Description

Time

  • Played on: Feb. 26, 2017, 1:40 p.m.
  • Length: 13:59
Show
View Real Time Build Order
Export as new Build Order

HellraiseR Protoss - Winner!

Build Orders: 1 Gate Expand 

Get SALT Encoding   

  12  0:01  Probe (Chrono Boost)  
  13  0:12  Probe (Chrono Boost)  
  14  0:18  Pylon  
  14  0:22  Probe (Chrono Boost)  
  15  0:37  Gateway, Probe (Chrono Boost)  
  16  0:47  Probe (Chrono Boost)  
  16  0:48  Assimilator  
  17  0:58  Probe (Chrono Boost)  
  18  1:08  Probe (Chrono Boost)  
  19  1:21  Nexus  
  19  1:24  Probe (Chrono Boost)  
  20  1:34  Cybernetics Core  
  20  1:37  Probe (Chrono Boost)  
  21  1:42  Assimilator  
  21  1:48  Probe (Chrono Boost)  
  21  1:53  Pylon  
  22  1:58  Probe (Chrono Boost)  
  23  2:08  Adept  
  23  2:11  Warp Gate  
  23  2:13  Probe (Chrono Boost)  
  26  2:24  Twilight Council  
  26  2:25  Probe (Chrono Boost)  
  27  2:35  Probe x2 (Chrono Boost)  
  29  2:37  Stalker  
  31  2:45  Probe (Chrono Boost)  
  31  2:46  Probe (Chrono Boost)  
  31  2:48  Resonating Glaives  
  33  2:56  Probe (Chrono Boost)  
  33  2:57  Probe (Chrono Boost)  
  35  3:06  Probe (Chrono Boost)  
  35  3:07  Adept  
  35  3:10  Probe (Chrono Boost)  
  39  3:17  Probe (Chrono Boost)  
  40  3:21  Gateway  
  40  3:22  Probe (Chrono Boost)  
  41  3:27  Gateway, Probe (Chrono Boost)  
  41  3:33  Gateway  
  42  3:38  Probe x2 (Chrono Boost)  
  44  3:41  Pylon  
  44  3:49  Pylon  
  44  3:50  Probe (Chrono Boost)  
  44  3:53  Probe (Chrono Boost)  
  46  3:56  Assimilator  
  46  4:01  Assimilator  
  47  4:02  Gateway  
  47  4:03  Probe (Chrono Boost)  
  47  4:05  Probe (Chrono Boost)  
  48  4:16  Mothership Core (Chrono Boost), Adept x2  
  52  4:20  Probe (Chrono Boost)  
  52  4:28  Adept  
  52  4:29  Adept  
  56  4:32  Probe (Chrono Boost)  
  57  4:44  Adept x2  
  57  4:45  Pylon  
  60  4:51  Probe (Chrono Boost)  
  62  4:52  Probe (Chrono Boost)  
  62  4:55  Pylon  
  62  5:06  Adept x3  
  69  5:08  Adept  
  69  5:12  Stargate  
  70  5:15  Probe (Chrono Boost)  
  70  5:16  Probe (Chrono Boost)  
  72  5:21  Stargate  
  72  5:34  Probe (Chrono Boost)  
  67  5:39  Probe (Chrono Boost)  
  67  5:40  Adept x5  
  61  5:46  Probe (Chrono Boost)  
  62  5:52  Oracle  
  65  6:01  Oracle, Adept  
  65  6:02  Adept x4  
  78  6:13  Pylon  
  78  6:24  Adept x4  
  74  6:27  Oracle, Adept  
  74  6:32  Oracle  
  78  6:57  Nexus  
  78  6:58  Oracle  
  75  7:03  Oracle  
  75  7:06  Pylon  
  64  7:13  Adept x3  
  73  7:17  Adept  
  73  7:18  Adept  
  76  7:26  Probe x2 (Chrono Boost)  
  76  7:29  Oracle  
  79  7:38  Probe (Chrono Boost)  
  79  7:39  Oracle  
  82  7:53  Adept x2  
  82  7:56  Pylon  
  82  7:57  Pylon  
  85  8:09  Probe (Chrono Boost)  
  85  8:10  Probe (Chrono Boost)  
  85  8:11  Probe (Chrono Boost)  
  85  8:12  Forge  
  91  8:14  Assimilator  
  91  8:16  Pylon  
  91  8:17  Assimilator  
  93  8:20  Probe (Chrono Boost)  
  93  8:25  Probe (Chrono Boost)  
  93  8:26  Probe (Chrono Boost)  
  95  8:30  Probe (Chrono Boost)  
  95  8:33  Oracle x2  
  96  8:37  Probe (Chrono Boost)  
  96  8:38  Probe (Chrono Boost)  
  96  8:41  Probe (Chrono Boost)  
  95  8:52  Probe (Chrono Boost)  
  95  8:53  Stargate, Probe (Chrono Boost)  
  97  9:02  Nexus  
  97  9:04  Oracle x2  
  97  9:06  Probe (Chrono Boost)  
  97  9:07  Fleet Beacon  
  104  9:15  Probe (Chrono Boost)  
  104  9:16  Probe (Chrono Boost)  
  106  9:17  Pylon  
  106  9:19  Pylon  
  106  9:20  Probe (Chrono Boost)  
  107  9:24  Assimilator  
  107  9:25  Probe (Chrono Boost)  
  107  9:26  Assimilator  
  107  9:28  Probe (Chrono Boost)  
  110  9:32  Probe (Chrono Boost)  
  110  9:36  Probe (Chrono Boost)  
  111  9:39  Carrier  
  111  9:43  Carrier  
  113  9:48  Templar Archives  
  123  9:53  Carrier  
  129  10:09  Pylon  
  129  10:10  Pylon  
  129  10:12  Probe (Chrono Boost)  
  130  10:14  Pylon  
  131  10:22  Robotics Facility  
  131  10:23  Probe x2 (Chrono Boost)  
  131  10:28  Protoss Air Weapons Level 1  
  132  10:29  Graviton Catapult  
  132  10:33  Psionic Storm  
  132  10:39  Adept  
  132  10:40  Adept x3  
  137  10:48  Stargate  
  137  11:01  Photon Cannon  
  137  11:02  Photon Cannon  
  137  11:05  Pylon  
  137  11:06  Carrier  
  137  11:12  Carrier  
  137  11:17  Carrier  
  149  11:19  Photon Cannon  
  149  11:22  Photon Cannon  
  155  11:28  High Templar  
  155  11:29  High Templar  
  147  11:48  High Templar x2  
  147  11:50  Observer, Nexus  
  147  11:53  Pylon  
  152  11:56  Gateway  
  152  12:04  Pylon  
  152  12:13  Warp Prism, High Templar  
  162  12:25  Probe x2 (Chrono Boost)  
  162  12:26  Void Ray  
  162  12:27  Assimilator  
  162  12:29  Assimilator  
  164  12:31  Pylon  
  164  12:32  Void Ray  
  168  12:43  Void Ray  
  173  12:56  High Templar x3  
  179  13:03  Void Ray  
  179  13:12  High Templar  
  179  13:17  Photon Cannon  
  179  13:19  Photon Cannon  
  179  13:22  Photon Cannon  
  179  13:25  Photon Cannon  
  187  13:33  Adept x3  
  189  13:47  Archon  
  189  13:48  Adept  
  183  13:59  Adept x2  
Show
View Real Time Build Order
Export as new Build Order

Railgan Zerg 

Build Orders: Hatch First 

Get SALT Encoding   

  12  0:01  Drone  
  13  0:12  Overlord  
  13  0:18  Drone  
  14  0:31  Drone x2  
  16  0:37  Drone  
  17  0:46  Drone  
  18  0:56  Hatchery  
  17  0:59  Drone  
  17  1:00  Extractor  
  17  1:14  Spawning Pool  
  16  1:18  Drone  
  16  1:20  Drone  
  18  1:28  Drone  
  19  1:38  Overlord  
  19  1:52  Drone  
  20  2:01  Queen  
  20  2:02  Zergling x2  
  23  2:08  Drone, Queen  
  23  2:14  Drone  
  27  2:22  Drone x2, Metabolic Boost  
  29  2:30  Drone  
  29  2:32  Overlord  
  30  2:39  Queen  
  32  2:44  Queen  
  34  2:52  Drone x2  
  34  2:53  Evolution Chamber  
  34  2:54  Drone  
  34  2:57  Drone  
  37  3:03  Drone  
  37  3:05  Overlord  
  38  3:12  Zergling x6  
  41  3:17  Drone x2  
  41  3:19  Drone  
  44  3:24  Zerg Melee Weapons Level 1  
  44  3:28  Drone x2  
  44  3:32  Drone x2  
  48  3:42  Drone x2  
  48  3:43  Lair  
  48  3:45  Extractor  
  48  3:46  Extractor  
  48  3:52  Overlord  
  48  3:55  Drone  
  48  3:56  Drone x3  
  52  4:03  Baneling Nest  
  51  4:15  Overlord  
  50  4:19  Drone x3  
  50  4:22  Drone x2  
  54  4:29  Zergling x2  
  54  4:30  Zergling x8  
  58  4:33  Hatchery  
  57  4:38  Zergling x2  
  57  4:39  Zergling x4  
  59  4:50  Infestation Pit, Extractor  
  59  4:51  Baneling x4  
  57  4:55  Zergling x4  
  57  4:58  Overseer  
  59  5:00  Zergling x4  
  61  5:08  Zergling x12  
  61  5:11  Baneling x4  
  61  5:12  Baneling x2  
  61  5:14  Zergling x2  
  67  5:20  Zerg Melee Weapons Level 2  
  57  5:39  Zergling x8  
  57  5:40  Zergling x10  
  57  5:42  Baneling  
  58  5:43  Baneling x6, Zergling x2  
  58  5:53  Zergling x2  
  58  5:54  Zergling x4  
  58  5:55  Drone x2  
  63  6:01  Pathogen Glands  
  63  6:08  Zergling x6  
  66  6:12  Baneling x2  
  66  6:16  Zergling x2  
  64  6:23  Zergling x18  
  63  6:28  Zergling x4  
  63  6:32  Baneling  
  63  6:33  Baneling x5  
  63  6:34  Drone x3  
  66  6:43  Burrow  
  66  6:52  Drone x4  
  66  6:53  Drone x2  
  65  6:56  Drone  
  58  7:06  Drone x2  
  58  7:07  Drone x4  
  58  7:12  Drone x3  
  61  7:19  Drone x2  
  61  7:21  Drone  
  64  7:29  Queen  
  65  7:32  Queen  
  59  7:40  Drone x5  
  59  7:43  Infestor  
  61  7:47  Spore Crawler  
  61  7:50  Spore Crawler  
  53  7:54  Drone x2  
  53  7:57  Drone  
  55  8:04  Drone  
  55  8:05  Drone x3  
  58  8:08  Drone  
  59  8:14  Spore Crawler  
  59  8:17  Infestor x2  
  62  8:29  Infestor  
  62  8:31  Overlord  
  61  8:42  Queen x3  
  61  8:49  Infestor x2  
  61  8:50  Infestor  
  67  9:09  Baneling x4  
  67  9:11  Drone x3  
  67  9:12  Drone, Spore Crawler  
  67  9:13  Drone x2, Spore Crawler  
  67  9:14  Overlord x2  
  71  9:22  Queen  
  73  9:26  Zerg Ground Armor Level 1  
  69  9:40  Drone x2  
  69  9:41  Drone x2  
  69  9:42  Drone  
  72  9:48  Drone  
  72  9:49  Drone, Neural Parasite  
  74  10:06  Zergling x2  
  76  10:07  Zergling x10  
  76  10:08  Drone x5  
  76  10:09  Drone  
  86  10:19  Overlord  
  86  10:20  Extractor  
  85  10:25  Extractor, Drone  
  85  10:26  Drone x4  
  89  10:37  Hatchery  
  89  10:41  Overlord  
  88  10:44  Overlord  
  88  10:48  Overlord  
  88  10:53  Infestor x4  
  96  10:58  Evolution Chamber  
  96  10:59  Hydralisk Den  
  96  11:03  Zergling x8  
  98  11:04  Baneling  
  98  11:05  Baneling x2  
  98  11:27  Baneling  
  98  11:28  Baneling x6  
  98  11:29  Centrifical Hooks  
  98  11:30  Hydralisk x3, Muscular Augments  
  104  11:39  Hydralisk x3  
  108  11:44  Overlord  
  108  11:45  Overlord  
  108  11:48  Overlord  
  108  11:50  Hydralisk  
  108  11:54  Zerg Missile Weapons Level 1  
  110  11:59  Hydralisk x2  
  114  12:07  Hydralisk  
  114  12:08  Hydralisk  
  116  12:13  Hydralisk  
  116  12:14  Hydralisk  
  122  12:21  Hydralisk x3  
  127  12:30  Hydralisk x2  
  127  12:33  Hydralisk  
  133  12:48  Pneumatized Carapace  
  133  12:49  Overseer  
  133  13:00  Hydralisk  
  133  13:01  Hydralisk x4  
  143  13:05  Hydralisk  
  143  13:06  Hydralisk  
  143  13:11  Hydralisk  
  143  13:12  Hydralisk  
  143  13:15  Hydralisk  
  143  13:20  Hydralisk  
  139  13:29  Zergling x2  
  139  13:30  Zergling x12  
Tags
 
Add a new tag
Caveats
  • Supply blocks, unpowered buildings, or Contaminate may cause inaccurate times.
  • Supply counts are checked every 10 seconds.